 Dungeon Crawl Stone Soup version 0.16-a0-2038-g968ce0a (webtiles) character file.

182 thegroundistoosoft the Insei (level 5, -2/41 HPs)
             Began as a Mummy Monk on Nov 10, 2014.
             Slain by a gnoll
             ... wielding a +0 flail
              (15 damage)
             ... on level 3 of the Dungeon.
             The game lasted 00:16:16 (6053 turns).

thegroundistoosoft the Insei (Mummy Monk)           Turns: 6053, Time: 00:16:16

Health: -2/41      AC:  0    Str: 14    XL:     5   Next: 34%
Magic:  5/5        EV: 13    Int:  9    God:
Gold:   112        SH:  0    Dex: 15    Spells: 0 memorised, 4 levels left

rFire  x . .     SeeInvis .       - Unarmed
rCold  + . .     Clarity  .     (no armour)
rNeg   + + +     SustAb   .     (no shield)
rPois  +         Gourm    .     (no helmet)
rElec  .         Spirit   .     (no cloak)
rCorr  .         Warding  .     (no gloves)
rMut   .         Stasis   .     (no boots)
MR     .....                    (no amulet)
Stlth  ++........               (no ring)
                                (no ring)

@: not resistant to hostile enchantments, unstealthy
A: no food or potions, fire vulnerability, restore body, cold resistance 1,
negative energy resistance 3, poison resistance, torment resistance, unbreathing
a: no special abilities


You were on level 3 of the Dungeon.
You were not hungry.

You visited 1 branch of the dungeon, and saw 3 of its levels.

You collected 112 gold pieces.


Innate Abilities, Weirdness & Mutations

You do not eat or drink.
Your flesh is vulnerable to fire.
Your flesh is cold resistant.
You are immune to negative energy.
Your system is resistant to poisons.
You are immune to unholy pain and torment.
You can survive without breathing.


   Skills:
 - Level 3.0 Fighting
 - Level 2.4 Dodging
 - Level 1.5 Stealth
 + Level 5.5 Unarmed Combat


You had 4 spell levels left.
You didn't know any spells.

Inventory:

Scrolls
 a - 2 scrolls of fog
 b - a scroll of noise {unknown}
 c - a scroll of fear {unknown}
 d - a scroll of remove curse {unknown}
 e - 2 scrolls of teleportation
 f - 2 scrolls of immolation {!r}

Dungeon Overview and Level Annotations

Branches:
Dungeon (3/15)

Altars:
Cheibriados
Dithmenos
Kikubaaqudgha
Makhleb

Annotations:
D:2 exclusion: downstairs

.......### .........#####
########
......#......##########......####
...........).....................
..............................###
..............................'..
...............#..............#..
...............#.................
...............#@.....#..........
...............g.................
......#.............##.####.####.
....#.#................##.....##.
....#.##.##....####)#.(#.......#.
....#.##.####### #.##(#.......#.
!...#.##.# #.##.(..._.....
##.......# ####.##.#.......#.
#!##.##.# #....##.#.......#.


You could see a gnoll.


Message History

You swing at nothing.
You swing at nothing.
You swing at nothing.
You swing at nothing.
You swing at nothing.
You swing at nothing.
You hit the gnoll.
The gnoll is lightly wounded.
The gnoll hits you with a flail.
You hit the gnoll but do no damage.
The gnoll is lightly wounded.
The gnoll hits you with a flail!
You hit the gnoll.
The gnoll is heavily wounded.
You punch the gnoll!
The gnoll is almost dead.
The gnoll hits you with a flail.
You hit the gnoll but do no damage.
The gnoll is almost dead.
The gnoll barely misses you.
You hit the gnoll but do no damage.
The gnoll is almost dead.
You barely miss the gnoll.
The gnoll is almost dead.
The gnoll hits you with a flail!
* * * LOW HITPOINT WARNING * * *
You completely miss the gnoll.
The gnoll is almost dead.
The gnoll hits you with a flail!
You die...

Action                   |  1- 3 |  4- 6 || total
-------------------------+-------+-------++-------
Melee: Unarmed           |   196 |   179 ||   375
  Use: Scroll            |       |     4 ||     4
 Stab: Sleeping          |     2 |     1 ||     3

Vault maps used:
D:1:      dpeg_arrival_chambers_temple_mockup, hangedman_decor_clover_reticule
D:2:      lemuel_coloured_pillars_altar, minmay_item_behind_shaft
D:3:      forest_paths, old_standard_altar, makhleb_heckhound_becter,
          cheibriados_altar_1, minmay_misc_feat_alley, hex_medium

Notes
Turn   | Place    | Note
--------------------------------------------------------------
     0 | D:1      | thegroundistoosoft, the Mummy Monk, began the quest for the Orb.
     0 | D:1      | Reached XP level 1. HP: 18/18 MP: 1/1
   388 | D:1      | Reached XP level 2. HP: 22/24 MP: 2/2
   748 | D:1      | Reached skill level 4 in Unarmed Combat
  1179 | D:1      | Reached XP level 3. HP: 29/29 MP: 3/3
  2319 | D:2      | You fall through a shaft!
  2323 | D:3      | no
  2471 | D:2      | rip corpsechucking
  2560 | D:2      | Found a shadowy altar of Dithmenos.
  2635 | D:2      | Reached XP level 4. HP: 25/35 MP: 4/4
  3427 | D:3      | Found a burning altar of Makhleb.
  3447 | D:3      | Reached skill level 5 in Unarmed Combat
  3938 | D:3      | Reached XP level 5. HP: 36/41 MP: 5/5
  4052 | D:3      | acquire skill
  4219 | D:3      | fuck
  5033 | D:3      | Found an ancient bone altar of Kikubaaqudgha.
  5345 | D:3      | the mysterious case of the vanishing gnoll
  5345 | D:3      | and other tales of horror
  5692 | D:3      | Found a snail-covered altar of Cheibriados.
  6053 | D:3      | Slain by a gnoll

Vanquished Creatures
  A hound (D:3)
  6 adders
  A worm (D:3)
  3 giant geckos
  3 oozes
  An orc (D:2)
  5 giant cockroaches
  13 goblins
  11 hobgoblins
  6 jackals
  9 bats
  A giant newt (D:2)
  14 kobolds
  A quokka (D:3)
  8 rats
83 creatures vanquished.
